 Dungeon Crawl Stone Soup version 0.29.1-1-gd02db6906a (webtiles) character file.

Game seed: 719754779595921089

21 Homeless the Insei (level 2, -1/24 HPs)
             Began as a Mummy Monk on Oct 18, 2022.
             Slain by a goblin
             ... wielding a +0 club
              (3 damage)
             ... on level 2 of the Dungeon.
             The game lasted 00:05:31 (2778 turns).

Homeless the Insei (Mummy Monk)                     Turns: 2778, Time: 00:05:32

Health: -1/24      AC:  0    Str: 14    XL:     2   Next: 65%
Magic:  2/2        EV: 12    Int:  9    God:
Gold:   87         SH:  0    Dex: 14    Spells: 1/1 levels left

rFire   x . .      SeeInvis .     - Unarmed
rCold   + . .      Faith    .   (no shield)
rNeg    + + +      Spirit   .   (no body armour)
rPois   ∞          Reflect  .   (no helmet)
rElec   .          Harm     .   (no cloak)
rCorr   .          Rampage  .   (no gloves)
Will    .....                   (no boots)
Stlth   ++........              (no amulet)
HPRegen 0.08/turn               (no ring)
MPRegen 0.08/turn               (no ring)

@: no status effects
A: cold resistance 1, negative energy resistance 3, torment resistance 2, heat
vulnerability 1, no potions
a: no special abilities


You were on level 2 of the Dungeon.
You visited 1 branch of the dungeon, and saw 2 of its levels.

You collected 87 gold pieces.

Inventory:

Scrolls
 a - a scroll of noise
 b - a scroll of identify


   Skills:
 * Level 3.1 Fighting
 - Level 2.4 Dodging
 - Level 1.5 Stealth
 - Level 3.2 Unarmed Combat


You had one spell level left.
You didn't know any spells.
Your spell library was empty.

Dungeon Overview and Level Annotations

Branches:
Dungeon (2/15)

Altars:

Shops:
D:2 (:


Innate Abilities, Weirdness & Mutations

You are immune to poison.
Your flesh is cold resistant. (rC+)
You are immune to negative energy. (rN+++)
You are immune to unholy pain and torment.
You are vulnerable to heat. (rF-)
You do not drink.


Message History

A kobold comes into view. It is wielding a +0 short sword.
Found a dagger and 2 gold pieces.
The kobold throws a stone.
The stone closely misses you.
The kobold throws a stone.
The stone misses you.
The kobold throws a stone.
The stone hits you.
The kobold hits you with a +0 short sword.
You barely miss the kobold.
The kobold hits you with a +0 short sword.
You hit the kobold.
You kill the kobold!
You now have 87 gold pieces (gained 2).
Things that are here:
a +0 short sword; 5 stones; a kobold corpse
Things that are here:
a +0 short sword; 5 stones; a kobold corpse You start resting.
HP restored.
A goblin comes into view. It is wielding a +0 club.
Found a scroll labelled RUF URAICYKHOEJE.
The goblin shouts!
A worm comes into view.
The goblin moves out of view.
You see here 2 gold pieces.
The goblin closely misses you. The goblin hits you with a +0 club.
You hit the goblin.
The goblin is moderately wounded.
The goblin hits you with a +0 club. The worm bites you!
You are too injured to fight recklessly!
You are too injured to fight recklessly!
You are too injured to fight recklessly!
You hit the worm.
The worm is lightly wounded.
The goblin hits you with a +0 club.
* * * LOW HITPOINT WARNING * * *
The goblin attacks as you move away! The goblin hits you with a +0 club.
* * * LOW HITPOINT WARNING * * *
Okay, then.
The goblin hits you with a +0 club.
You die...

#!......# #........#
#.#####.##.#.).....###
#.#####.#.##.........
..##.......#.......##
..##.##.###........#
...#.##.# ##......)#
........# ##..#####
∩....#### #.......#
).......# #.#.$@#.#
.†)#.##.# ##..#g#..#
..##.##.# #....∩w..#
..#...#.# #...#.#..#
###.#...# #..#...#..#
8##...).# #...... .?..
..#####.###......###.##
..8##.......#..### .#
....###.###..#. .#


You could see a goblin.

Vanquished Creatures
  A dart slug (D:1)
  2 endoplasms
  A giant cockroach (D:1)
  4 goblins
  4 hobgoblins (D:1)
  A ball python (D:2)
  4 kobolds
17 creatures vanquished.

Notes
Turn   | Place    | Note
-------+----------+-------------------------------------------
     0 | D:1      | Homeless the Mummy Monk began the quest for the Orb.
     0 | D:1      | Reached XP level 1. HP: 18/18 MP: 1/1
   491 | D:1      | Reached XP level 2. HP: 24/24 MP: 2/2
   747 | D:1      | Found a faded altar of an unknown god.
  2690 | D:2      | Found Vojix's Weapon Shoppe.
  2715 | D:2      | Found Haaxeoz's Book Emporium.
  2778 | D:2      | Slain by a goblin

Illustrated notes

Levels and vault maps discovered:
D:1:      dpeg_arrival_short_road, layout_loops_ring,
          hellmonk_ecumenical_altar_crossroads, serial_bayou_ford_a
D:2:      layout_loops_cross, serial_shops, nicolae_shop_advertising_works
          [nicolae_subvault_shop_adworks], nicolae_shop_bloodbath_and_beyond,
          dk_noncrumbling_4, dk_vineyard_2, minmay_tall_x, uniq_jessica,
          uniq_sigmund, uniq_terence

Skill      XL: |  1  2 |
---------------+-------+-----
Unarmed Combat | 3 |  3.2
Fighting       | |  3.1
Dodging        | |  2.4
Stealth        | |  1.5

Action                   || total
-------------------------++-------
Melee: Unarmed           ||    81
       Punch             ||     1
  Use: Scroll            ||     6
 Stab: Sleeping          ||     1
Armor: Robe              ||     2
Dodge: Dodged            ||    47
